 Dungeon Crawl Stone Soup version 0.26.1-10-gdfb7c7de75 (webtiles) character file.

Game seed: 2049324572732582527

463 tardwrangler69 the Skirmisher (level 7, 0/39 HPs)
             Began as a Vine Stalker Fighter on Apr 9, 2021.
             Was an Initiate of Okawaru.
             Succumbed to a scorpion's poison
             ... on level 4 of the Dungeon.
             The game lasted 00:03:32 (3832 turns).

tardwrangler69 the Skirmisher (VSFi)                Turns: 3832, Time: 00:03:32

Health: 0/39       AC:  8    Str: 20    XL:     7   Next: 7%
Magic:  1/8        EV:  7    Int:  8    God:    Okawaru [......]
Gold:   110        SH:  9    Dex: 14    Spells: 6/6 levels left

rFire    . . .     SeeInvis .   a - +0 rapier
rCold    + . .     Faith    .   c - +0 kite shield
rNeg     . . .     Spirit   +   b - +0 scale mail
rPois    .         Reflect  .   (no helmet)
rElec    .         Harm     .   p - +0 cloak
rCorr    +         Rampage  .   (no gloves)
Will     .....                  r - +0 pair of boots
Stlth    ..........             (no amulet)
HPRegen  0.53/turn              e - ring of resist corrosion
MPRegen  0.11/turn              s - ring of protection from cold

@: lethally poisoned (0 -> -2)
A: fangs 2, regeneration 1, magic shield, antimagic bite, no potion heal 3
a: Renounce Religion


You were on level 4 of the Dungeon.
You worshipped Okawaru.
Okawaru was noncommittal.
You visited 2 branches of the dungeon, and saw 5 of its levels.

You collected 110 gold pieces.

Inventory:

Hand Weapons
 a - a +0 rapier (weapon)
Armour
 b - a +0 scale mail (worn)
 c - a +0 kite shield (worn)
 p - a +0 cloak (worn)
 r - a +0 pair of boots (worn)
Jewellery
 e - a ring of resist corrosion (left hand)
 s - a ring of protection from cold (right hand)
Scrolls
 g - 2 scrolls of enchant armour {unknown}
 i - 2 scrolls of teleportation {unknown}
 j - a scroll of fear {unknown}
 k - 2 scrolls of identify
 m - 2 scrolls of magic mapping {unknown}
 n - a scroll of random uselessness {unknown}
 o - a scroll of remove curse
 q - a scroll of immolation {unknown}
Potions
 d - 4 potions of might
 f - a potion of flight
 h - a potion of ambrosia
 l - a potion of curing


   Skills:
 + Level 5.3 Fighting
 + Level 4.9 Short Blades
 - Level 2.4 Armour
 - Level 2.6 Shields


You had 6 spell levels left.
You didn't know any spells.
Your spell library was empty.

Dungeon Overview and Level Annotations

Branches:
Dungeon (4/15)             Temple (1/1) D:4

Altars:
Ashenzari
Cheibriados
Dithmenos
Elyvilon
Fedhas
Gozag
Hepliaklqana
Kikubaaqudgha
Makhleb
Nemelex Xobeh
Okawaru
Qazlal
Ru
Sif Muna
Trog
Vehumet
Wu Jian
Xom
Yredelemnul
Zin
The Shining One


Innate Abilities, Weirdness & Mutations

You have extremely sharp teeth.
Your natural rate of healing is unusually fast.
When hurt, damage is shared between your health and your magic reserves.
Your bite disrupts and absorbs the magic of your enemies.
Potions cannot restore your health.


Message History

You block the giant cockroach's attack.
Your shield and scale mail prevent you from hitting something.
Something hits you but does no damage.
The scorpion stings you but does no damage.
The giant cockroach bites you but does no damage.
You barely miss something. Your bite misses something.
Something hits you but does no damage. The scorpion stings you.
* * * LOW HITPOINT WARNING * * *
The giant cockroach barely misses you. Something hits you but does no damage.
You hit something. Your bite misses something.
Something hits you but does no damage. The scorpion stings you.
* * * LOW HITPOINT WARNING * * *
You are lethally poisoned!
The scorpion poisons you! You block the giant cockroach's attack.
Something hits you but does no damage.
* * * LOW HITPOINT WARNING * * *
You feel sick.
The giant cockroach bites you but does no damage.
The scorpion stings you but does no damage.
You die...

...> ... .# #.( .# #..
###.# #.. #....#
#..##.#..### #..s........
# #.ZB.#.#.## .#
#.##..).@....##.#
#.....$#.8.#....##
......#.......#...#
##..#...8.>.8...#.#
##...#...(...#...#
........#.8.#...?##
.................#
.#######.#.#.#..#########
#........<........


You could see a scorpion, a giant cockroach and an adder skeleton.

Vanquished Creatures
  Menkaure (D:3)
  2 orc priests (D:4)
  Crazy Yiuf (D:3)
  An orc wizard (D:4)
  A worker ant (D:4)
  Natasha (thrice) (D:3)
  3 adders (D:2)
  A shadow imp (D:3)
  4 worms (D:2)
  3 leopard geckos
  4 orcs (D:3)
  6 giant cockroaches
  10 goblins
  9 hobgoblins
  3 jackals (D:2)
  9 kobolds
  2 ball pythons
  6 bats
  7 frilled lizards
  A leopard gecko skeleton (D:4)
  5 rats
82 creatures vanquished.

Notes
Turn   | Place    | Note
-------+----------+-------------------------------------------
     0 | D:1      | tardwrangler69 the Vine Stalker Fighter began the quest for
                  | the Orb.
     0 | D:1      | Reached XP level 1. HP: 11/11 MP: 2/2
   209 | D:1      | Reached XP level 2. HP: 13/16 MP: 1/3
   210 | D:1      | Reached skill level 3 in Fighting
   861 | D:1      | Reached XP level 3. HP: 20/20 MP: 4/4
  1388 | D:2      | Gained mutation: Your natural rate of healing is unusually
                  | fast. [Vine Stalker growth]
  1388 | D:2      | Reached XP level 4. HP: 23/25 MP: 5/5
  2015 | D:3      | Found a blossoming altar of Fedhas.
  2076 | D:3      | Noticed Natasha
  2096 | D:3      | Killed Natasha
  2097 | D:3      | Reached skill level 4 in Fighting
  2097 | D:3      | Reached XP level 5. HP: 10/29 MP: 3/6
  2377 | D:3      | Noticed Natasha
  2383 | D:3      | Killed Natasha
  2584 | D:3      | Found a runed translucent door.
  2585 | D:3      | Noticed Crazy Yiuf
  2762 | D:3      | Noticed Natasha
  2771 | D:3      | Killed Natasha
  2831 | D:3      | Killed Crazy Yiuf
  2832 | D:3      | Reached XP level 6. HP: 12/34 MP: 3/7
  3325 | D:3      | Found a blossoming altar of Fedhas.
  3533 | D:4      | Found a staircase to the Ecumenical Temple.
  3533 | D:4      | Noticed Menkaure
  3543 | D:3      | Killed Menkaure
  3544 | D:3      | Reached skill level 5 in Fighting
  3586 | Temple   | Entered the Ecumenical Temple
  3792 | Temple   | Became a worshipper of Warmaster Okawaru
  3825 | D:4      | Reached XP level 7. HP: 11/39 MP: 2/8
  3830 | D:4      | HP: 1/39 [scorpion (5)]
  3832 | D:4      | Succumbed to a scorpion's poison

Illustrated notes

Levels and vault maps discovered:
D:1:      lightli_arrival_statuegarden, layout_basic
D:2:      layout_basic
D:3:      layout_loops_ring, fedhas_altar_2, uniq_crazy_yiuf_cottage,
          uniq_natasha
D:4:      layout_loops_ring, dancing_weapons_uskayaw,
          minmay_temple_entry_sparse_star, ebering_ghost_gozag, uniq_sigmund,
          uniq_menkaure
Temple:   minmay_crystal_snake_temple

Skill      XL: |  1  2  3  4  5  6 |
---------------+-------------------+-----
Short Blades   | 2 3 4 |  4.9
Fighting       | 3 4 5 |  5.3
Armour         | |  2.4
Shields        | |  2.6

Action                   |  1- 3 |  4- 6 |  7- 9 || total
-------------------------+-------+-------+-------++-------
Melee: Rapier            |    97 |   147 |     6 ||   250
       Bite              |    23 |    43 |     1 ||    67
  Use: Scroll            |       |     5 |       ||     5
Armor: Scale mail        |    45 |    48 |    15 ||   108
Dodge: Dodged            |    25 |    26 |     2 ||    53
Block: Kite shield       |    41 |    62 |     3 ||   106
